BSA
ST CHARLES SHEENS @ VISTA PANTHERS
04/15/2029
 
TOP OF THE 1ST
St Charles Sheens batting - Pitching for Vista Panthers : RHP Jung Chwa
Pitching: RHP Jung Chwa
Batting: RHB Miguel Palácios 0-0: Single, Error in OF, E9, batter to second base
Batting: RHB Jesús Hernández 0-0: Ball
1-0: Foul Ball, location: 2F
1-1: Fly out, F5 (Line Drive, 5S)
Batting: LHB Benny Richard 0-0: Ball
1-0: Swinging Strike
1-1: Called Strike
1-2: Ball
2-2: Strikes out looking
Batting: RHB Rob Brady 0-0: Ball
1-0: Ball
Wild Pitch!
Miguel Palácios to third
2-0: Ground out 4-3 (Groundball, 4)
Top of the 1st over - 0 runs, 1 hit, 1 error, 1 left on base; St Charles 0 - Vista 0
BOTTOM OF THE 1ST
Vista Panthers batting - Pitching for St Charles Sheens : LHP António Coronado
Pitching: LHP António Coronado
Batting: RHB Justin Burgess 0-0: Foul Ball, location: 2F
0-1: Ball
1-1: Ball
2-1: Ball
3-1: Foul Ball, location: 2F
3-2: Ground out 5-3 (Groundball, 56S)
Batting: LHB Francisco Marino 0-0: Ball
1-0: Called Strike
1-1: Ground out 2-3 (Groundball, 2L)
Batting: RHB Phil Matthews 0-0: Ball
1-0: Ball
2-0: Foul Ball, location: 2F
2-1: Foul Ball, location: 2F
2-2: Ball
3-2: Base on Balls
Batting: LHB Clyde Yarbrough 0-0: Swinging Strike
0-1: Foul Ball, location: 2F
0-2: Ball
1-2: Foul Ball, location: 2F
1-2: Ball
2-2: Ball
3-2: Foul Ball, location: 2F
3-2: Foul Ball, location: 2F
3-2: Foul Ball, location: 2F
3-2: Ground out 3-1 (Groundball, 3)
Bottom of the 1st over - 0 runs, 0 hits, 0 errors, 1 left on base; St Charles 0 - Vista 0
TOP OF THE 2ND
St Charles Sheens batting - Pitching for Vista Panthers : RHP Jung Chwa
Batting: LHB Larry Howard 0-0: Swinging Strike
0-1: Ball
1-1: Called Strike
1-2: Ball
2-2: Ball
3-2: Strikes out swinging
Batting: RHB Miguel Encarnación 0-0: Called Strike
0-1: Foul Ball, location: 2F
0-2: Ball
1-2: Ball
2-2: Fly out, F3 (Popup, 3SF)
Batting: RHB Shawn Gutiérrez 0-0: Swinging Strike
0-1: Swinging Strike
0-2: Ball
1-2: Strikes out looking
Top of the 2nd over - 0 runs, 0 hits, 0 errors, 0 left on base; St Charles 0 - Vista 0
BOTTOM OF THE 2ND
Vista Panthers batting - Pitching for St Charles Sheens : LHP António Coronado
Batting: RHB Johnny Williams 0-0: Ball
1-0: Swinging Strike
1-1: Foul Ball, location: 2F
1-2: Ball
2-2: Ground out 5-3 (Groundball, 56)
Batting: LHB Bill Wilson 0-0: Ground out 5-3 (Groundball, 56)
Batting: RHB Bonifacio Torres 0-0: Ground out 4-3 (Groundball, 4)
Bottom of the 2nd over - 0 runs, 0 hits, 0 errors, 0 left on base; St Charles 0 - Vista 0
TOP OF THE 3RD
St Charles Sheens batting - Pitching for Vista Panthers : RHP Jung Chwa
Batting: LHB Jason Lambert 0-0: Ground out 4-3 (Groundball, 4)
Batting: RHB Víctor Arredondo 0-0: Ball
1-0: Called Strike
1-1: Ball
2-1: Foul Ball, location: 2F
2-2: Foul Ball, location: 2F
2-2: Foul Ball, location: 2F
2-2: Strikes out swinging
Batting: RHB Miguel Palácios 0-0: SINGLE (Groundball, 6MD)
Batting: RHB Jesús Hernández 0-0: Ball
1-0: Called Strike
1-1: Ball
2-1: Ball
3-1: SINGLE (Groundball, 15S) (infield hit)
Miguel Palácios to second
Batting: LHB Benny Richard 0-0: Ball
1-0: Called Strike
1-1: Ball
2-1: Foul Ball, location: 2F
2-2: SINGLE (Flyball, 7LS)
Miguel Palácios to third
Jesús Hernández to second
Runner from 3rd tries for Home, SAFE, throw made home
Batting: RHB Rob Brady 0-0: Ball
1-0: Ball
2-0: Swinging Strike
2-1: Foul Ball, location: 2F
2-2: SINGLE (Popup, 56D)
Jesús Hernández to third
Benny Richard to second
Runner from 3rd tries for Home, SAFE, throw made home
Batting: LHB Larry Howard 0-0: SINGLE (Line Drive, 56D)
Benny Richard to third
Rob Brady to second
Batting: RHB Miguel Encarnación 0-0: Ground out 1-3 (Groundball, 13)
Top of the 3rd over - 2 runs, 5 hits, 0 errors, 3 left on base; St Charles 2 - Vista 0
BOTTOM OF THE 3RD
Vista Panthers batting - Pitching for St Charles Sheens : LHP António Coronado
Batting: LHB Bob Cunningham 0-0: Called Strike
0-1: Ground out 4-3 (Groundball, 4)
Batting: SHB Juan Castro 0-0: Ball
1-0: Called Strike
1-1: SINGLE (Line Drive, 56D)
Batting: RHB Justin Burgess 0-0: Foul Ball, location: 2F
0-1: Ball
1-1: Ball
2-1: Ball
3-1: Called Strike
3-2: Grounds into double play, 6-4-3 (Groundball, 6)
Bottom of the 3rd over - 0 runs, 1 hit, 0 errors, 0 left on base; St Charles 2 - Vista 0
TOP OF THE 4TH
St Charles Sheens batting - Pitching for Vista Panthers : RHP Jung Chwa
Batting: RHB Shawn Gutiérrez 0-0: Called Strike
0-1: Fly out, F7 (Flyball, 7S)
Batting: LHB Jason Lambert 0-0: Swinging Strike
0-1: Swinging Strike
0-2: Ball
1-2: Ball
2-2: Fly out, F7 (Flyball, 78S)
Batting: RHB Víctor Arredondo 0-0: Foul Ball, location: 2F
0-1: Foul Ball, location: 2F
0-2: Ball
1-2: Fly out, F6 (Popup, 6M)
Top of the 4th over - 0 runs, 0 hits, 0 errors, 0 left on base; St Charles 2 - Vista 0
BOTTOM OF THE 4TH
Vista Panthers batting - Pitching for St Charles Sheens : LHP António Coronado
Batting: LHB Francisco Marino 0-0: Foul Ball, location: 2F
0-1: DOUBLE (Flyball, 8RXD)
Batting: RHB Phil Matthews 0-0: Ball
1-0: Ball
2-0: Ball
3-0: Base on Balls
Batting: LHB Clyde Yarbrough 0-0: Called Strike
0-1: Foul Ball, location: 2F
0-2: Ball
1-2: Fielders Choice at 2nd, 4-6 (Groundball, 4)
Francisco Marino to third
Batting: RHB Johnny Williams 0-0: Called Strike
0-1: Ball
1-1: Ball
2-1: Fly out, F3 (Line Drive, 34)
Lined into DP, U3 (Line Drive, 34)
Bottom of the 4th over - 0 runs, 1 hit, 0 errors, 1 left on base; St Charles 2 - Vista 0
TOP OF THE 5TH
St Charles Sheens batting - Pitching for Vista Panthers : RHP Jung Chwa
Batting: RHB Miguel Palácios 0-0: Ball
1-0: Ball
2-0: Ball
3-0: Base on Balls
Batting: RHB Jesús Hernández 0-0: Swinging Strike
0-1: Ball
1-1: Foul Ball, location: 2F
1-2: Ball
2-2: Fly out, F7 (Flyball, 7LS)
Batting: LHB Benny Richard 0-0: Swinging Strike
0-1: Ball
1-1: Called Strike
1-2: Strikes out swinging
Batting: RHB Rob Brady 0-0: Called Strike
Miguel Palácios steals 2nd base
0-1: Foul Ball, location: 2F
0-2: Ball
1-2: Ball
2-2: Fly out, F4 (Popup, 4MD)
Top of the 5th over - 0 runs, 0 hits, 0 errors, 1 left on base; St Charles 2 - Vista 0
BOTTOM OF THE 5TH
Vista Panthers batting - Pitching for St Charles Sheens : LHP António Coronado
Batting: LHB Bill Wilson 0-0: Ball
1-0: Called Strike
1-1: Ground out U3 (Groundball, 3L)
Batting: RHB Bonifacio Torres 0-0: Called Strike
0-1: Ball
1-1: Foul Ball, location: 2F
1-2: Fly out, F8 (Flyball, 8LS)
Batting: LHB Bob Cunningham 0-0: Ball
1-0: Swinging Strike
1-1: Foul Ball, location: 2F
1-2: SINGLE (Line Drive, 3D)
Batting: SHB Juan Castro Pickoff Throw to First - Out!
Bottom of the 5th over - 0 runs, 1 hit, 0 errors, 0 left on base; St Charles 2 - Vista 0
TOP OF THE 6TH
St Charles Sheens batting - Pitching for Vista Panthers : RHP Jung Chwa
Batting: LHB Larry Howard 0-0: Ball
1-0: Swinging Strike
1-1: Ball
2-1: Called Strike
2-2: Ball
3-2: Foul Ball, location: 2F
3-2: Strikes out swinging
Batting: RHB Miguel Encarnación 0-0: Foul Ball, location: 2F
0-1: Ball
1-1: SINGLE (Groundball, 34S) (infield hit)
Pitching: RHP Sergio Martínez
Batting: RHB Shawn Gutiérrez 0-0: Foul Ball, location: 2F
0-1: Ball
1-1: Ball
2-1: SINGLE (Groundball, 6D)
Miguel Encarnación to second
Batting: LHB Jason Lambert 0-0: Called Strike
0-1: SINGLE (Groundball, 6D)
Miguel Encarnación to third
Shawn Gutiérrez to second
Runner from 3rd tries for Home, SAFE, no throw
Batting: RHB Víctor Arredondo 0-0: Ball
1-0: Swinging Strike
1-1: Ball
2-1: Ball
3-1: Base on Balls
Shawn Gutiérrez to third
Jason Lambert to second
Batting: RHB Miguel Palácios 0-0: Ball
1-0: SINGLE (Line Drive, 78S)
Shawn Gutiérrez scores
Jason Lambert to third
Víctor Arredondo to second
Batting: RHB Jesús Hernández 0-0: Fly out, F7 (Line Drive, 7)
Runner from 3rd tags up, SCORES, throw made
Batting: LHB Benny Richard 0-0: Called Strike
0-1: Ball
1-1: Foul Ball, location: 2F
1-2: Fielders Choice at 2nd, 6-4 (Groundball, 6)
Top of the 6th over - 3 runs, 4 hits, 0 errors, 2 left on base; St Charles 5 - Vista 0
BOTTOM OF THE 6TH
Vista Panthers batting - Pitching for St Charles Sheens : LHP António Coronado
Batting: SHB Juan Castro 0-0: Fly out, F8 (Flyball, 8RD)
Batting: RHB Justin Burgess 0-0: Called Strike
0-1: Foul Ball, location: 2F
0-2: Ball
1-2: Ball
2-2: Ball
3-2: Foul Ball, location: 2F
3-2: Strikes out looking
Batting: LHB Francisco Marino 0-0: Called Strike
0-1: Ground out 4-3 (Groundball, 4)
Bottom of the 6th over - 0 runs, 0 hits, 0 errors, 0 left on base; St Charles 5 - Vista 0
TOP OF THE 7TH
St Charles Sheens batting - Pitching for Vista Panthers : RHP Sergio Martínez
Batting: RHB Rob Brady 0-0: Swinging Strike
0-1: Ball
1-1: Ball
2-1: Ball
3-1: Called Strike
3-2: Foul Ball, location: 2F
3-2: Foul Ball, location: 2F
3-2: DOUBLE (Line Drive, 9D)
Batting: LHB Larry Howard 0-0: Ball
1-0: Foul Ball, location: 2F
1-1: Ball
2-1: Called Strike
2-2: DOUBLE (Line Drive, 78M)
Rob Brady scores
Batting: RHB Miguel Encarnación 0-0: Called Strike
0-1: Foul Ball, location: 2F
0-2: Ball
1-2: Ball
2-2: Foul Ball, location: 2F
2-2: Foul Ball, location: 2F
2-2: Foul Ball, location: 2F
2-2: Strikes out swinging
Batting: RHB Shawn Gutiérrez 0-0: Ball
1-0: Fly out, F8 (Flyball, 8LD)
Batting: LHB Jason Lambert 0-0: SINGLE (Line Drive, 7LS)
Larry Howard to third
Runner from 3rd tries for Home, SAFE, throw made home
Batting: RHB Víctor Arredondo 0-0: Ball
1-0: Swinging Strike
1-1: Swinging Strike
1-2: Ball
2-2: Foul Ball, location: 2F
2-2: Strikes out swinging
Top of the 7th over - 2 runs, 3 hits, 0 errors, 1 left on base; St Charles 7 - Vista 0
BOTTOM OF THE 7TH
Vista Panthers batting - Pitching for St Charles Sheens : LHP António Coronado
Batting: RHB Phil Matthews 0-0: DOUBLE (Line Drive, 7D)
Batting: LHB Clyde Yarbrough 0-0: Ball
1-0: Foul Ball, location: 2F
1-1: Ball
2-1: Ball
3-1: Foul Ball, location: 2F
3-2: Strikes out looking
Batting: RHB Johnny Williams 0-0: Ball
1-0: Foul Ball, location: 2F
1-1: Foul Ball, location: 2F
1-2: Ball
2-2: Ball
3-2: Base on Balls
Batting: LHB Bill Wilson 0-0: Ball
1-0: Grounds into double play, 4-6-3 (Groundball, 4M)
Bottom of the 7th over - 0 runs, 1 hit, 0 errors, 1 left on base; St Charles 7 - Vista 0
TOP OF THE 8TH
St Charles Sheens batting - Pitching for Vista Panthers : RHP Sergio Martínez
Batting: RHB Miguel Palácios 0-0: Called Strike
0-1: Ground out 6-3 (Groundball, 56)
Batting: RHB Jesús Hernández 0-0: Ball
1-0: Ball
2-0: Ball
3-0: Base on Balls
Batting: LHB Benny Richard 0-0: Called Strike
Pickoff Throw by Catcher to First - Error! E2
Jesús Hernández to second
0-1: Ball
1-1: Foul Ball, location: 2F
1-2: Strikes out swinging
Batting: RHB Rob Brady 0-0: Called Strike
0-1: Foul Ball, location: 2F
0-2: Foul Ball, location: 2F
0-2: Foul Ball, location: 2F
0-2: Ball
1-2: Fly out, F3 (Popup, 3S)
Top of the 8th over - 0 runs, 0 hits, 1 error, 1 left on base; St Charles 7 - Vista 0
BOTTOM OF THE 8TH
Vista Panthers batting - Pitching for St Charles Sheens : LHP António Coronado
Batting: RHB Bonifacio Torres 0-0: Called Strike
0-1: Called Strike
0-2: Strikes out swinging
Batting: LHB Bob Cunningham 0-0: Swinging Strike
0-1: Ground out 4-3 (Groundball, 4M)
Batting: SHB Juan Castro 0-0: Ball
1-0: Reached via error on a dropped throw, E1
Batting: RHB Justin Burgess 0-0: Swinging Strike
0-1: Swinging Strike
0-2: Foul Ball, location: 2F
0-2: Ball
1-2: Ground out 4-3 (Groundball, 4)
Bottom of the 8th over - 0 runs, 0 hits, 1 error, 1 left on base; St Charles 7 - Vista 0
TOP OF THE 9TH
St Charles Sheens batting - Pitching for Vista Panthers : RHP Sergio Martínez
Batting: LHB Larry Howard 0-0: Ball
1-0: Ball
2-0: SOLO HOME RUN (Flyball, 9LD), Distance : 345 ft
Pitching: RHP Jesse Green
Batting: RHB Miguel Encarnación 0-0: Reached on error, E1 (Groundball, 15S)
Batting: RHB Shawn Gutiérrez 0-0: Ball
1-0: Ball
2-0: 2-RUN HOME RUN (Flyball, 7LD), Distance : 404 ft
Batting: LHB Jason Lambert 0-0: Foul Ball, location: 2F
0-1: Ball
1-1: Ball
2-1: Ground out U3 (Groundball, 34)
Batting: RHB Víctor Arredondo 0-0: Ball
1-0: Called Strike
1-1: SINGLE (Groundball, 56D)
Batting: RHB Miguel Palácios 0-0: Called Strike
0-1: Ball
1-1: Foul Ball, location: 2F
1-2: Fielders Choice at 2nd, 5-4 (Groundball, 56)
Batting: RHB Jesús Hernández 0-0: Called Strike
0-1: Called Strike
Miguel Palácios steals 2nd base
0-2: SINGLE (Line Drive, 6D)
Miguel Palácios to third
Runner from 3rd tries for Home, SAFE, throw made home
Batting: LHB Benny Richard 0-0: Called Strike
0-1: Ball
1-1: Ball
2-1: Ball
3-1: Ground out 5-3 (Groundball, 2L)
Top of the 9th over - 4 runs, 4 hits, 1 error, 1 left on base; St Charles 11 - Vista 0
BOTTOM OF THE 9TH
Vista Panthers batting - Pitching for St Charles Sheens : LHP António Coronado
Batting: LHB Francisco Marino 0-0: Ball
1-0: Ball
2-0: Foul Ball, location: 2F
2-1: Called Strike
2-2: SINGLE (Line Drive, 4MD)
Batting: RHB Phil Matthews 0-0: Ball
1-0: Fly out, F7 (Flyball, 7LMF)
Batting: LHB Clyde Yarbrough 0-0: Ball
1-0: Called Strike
1-1: Fly out, F9 (Flyball, 9D)
Pitching: RHP Irwin Conway
Batting: RHB Johnny Williams 0-0: Ball
1-0: Foul Ball, location: 2F
1-1: Ball
2-1: Foul Ball, location: 2F
2-2: Ground out 4-3 (Groundball, 4)
Bottom of the 9th over - 0 runs, 1 hit, 0 errors, 1 left on base; St Charles 11 - Vista 0
Saturday, December 16th, 2017 - OOTP Baseball 18.8 Build 76